 Dungeon Crawl Stone Soup version 0.21-a0-578-gc6e9d75 (webtiles) character file.

159 tidbits the Skirmisher (level 5, 8/47 HPs)
             Began as a Gnoll Wanderer on Dec 18, 2017.
             Quit the game on level 4 of the Dungeon.
             The game lasted 00:05:25 (616 turns).

tidbits the Skirmisher (Gnoll Wanderer)              Turns: 616, Time: 00:05:26

Health: 8/47       AC:  6    Str: 16    XL:     5   Next: 40%
Magic:  9/9        EV: 11    Int: 13    God:
Gold:   77         SH:  5    Dex: 15    Spells: 9/10 levels left

rFire    + . .     SeeInvis .   a - +2 hand crossbow
rCold    . . .     Gourm    .   m - +0 buckler
rNeg     . . .     Faith    .   d - +0 ring mail
rPois    .         Spirit   .   E - +0 helmet
rElec    .         Reflect  .   (no cloak)
rCorr    .         Harm     .   (no gloves)
MR       .....                  (no boots)
Stlth    +.........             (no amulet)
HPRegen  0.15/turn              l - ring of protection from fire
MPRegen  0.11/turn              (no ring)

@: lethally poisoned (8 -> -10), hasted, very quick
A: distributed training, fangs 1, strong nose
a: no special abilities


You were on level 4 of the Dungeon.
You were not hungry.

You visited 1 branch of the dungeon, and saw 4 of its levels.

You collected 77 gold pieces.

Inventory:

Hand Weapons
 a - a +2 hand crossbow (weapon)
 e - a +0 club
 i - a +0 hand axe
 p - a +2 hunting sling of velocity
   (You found it on level 4 of the Dungeon)
 s - a +0 long sword
Missiles
 b - 51 bolts (quivered)
 g - 25 stones
Armour
 d - a +0 ring mail (worn)
 m - a +0 buckler (worn)
 E - a +0 helmet (worn)
Jewellery
 l - a ring of protection from fire (left hand)
   (You found it on level 2 of the Dungeon)
Scrolls
 j - 2 scrolls of remove curse {unknown}
 k - 2 scrolls of amnesia {unknown}
 n - 2 scrolls of identify {unknown}
 q - a scroll of fog
 r - 2 scrolls of enchant weapon {unknown}
Potions
 o - a potion of haste
Books
 c - Sif Muna's Handbook of Earth

   Spells                             Type                      Level
   a - Sandblast                      Earth                        1
   b - Stone Arrow                    Conjuration/Earth            3
Comestibles
 f - 2 rations


   Skills:
 + Level 6.7 Fighting
 + Level 1.4 Short Blades
 + Level 1.4 Long Blades
 + Level 1.4 Axes
 + Level 1.4 Maces & Flails
 + Level 1.4 Polearms
 + Level 1.4 Staves
 + Level 1.4 Slings
 + Level 1.4 Bows
 + Level 2.9 Crossbows
 + Level 1.4 Throwing
 + Level 2.9 Armour
 + Level 1.4 Dodging
 + Level 1.4 Stealth
 + Level 2.9 Shields
 + Level 1.4 Unarmed Combat
 + Level 3.1 Spellcasting
 + Level 1.1 Conjurations
 + Level 1.1 Hexes
 + Level 1.1 Charms
 + Level 1.1 Summonings
 + Level 3.9 Necromancy
 + Level 1.1 Translocations
 + Level 1.1 Transmutations
 + Level 1.1 Fire Magic
 + Level 1.1 Ice Magic
 + Level 1.1 Air Magic
 + Level 1.1 Earth Magic
 + Level 1.1 Poison Magic
 + Level 1.6 Invocations
 + Level 2.9 Evocations


You had 9 spell levels left.
You knew the following spells:

 Your Spells              Type           Power        Failure   Level  Hunger
a - Sandblast             Erth           #.....       30%         1    #......


Dungeon Overview and Level Annotations

Branches:
Dungeon (4/15)
 Temple: D:4-7

Altars:
Fedhas
Gozag

Shops:
D:2 *


Innate Abilities, Weirdness & Mutations

Your experience applies equally to all skills.
You have very sharp teeth.
Your uncanny sense of smell can sniff out nearby items.


Message History

You shoot a bolt. The bolt hits the orc!
You kill the orc!
k - 2 scrolls labeled EPPISI YCSAO (gained 1)
r - 2 scrolls labeled YLUTUA JOROO
Found a scroll labeled QOICEI YNYIBLUO.
Items here: ( ) [ † a bolt; a club; a leather armour; an orc corpse
b - 53 bolts (gained 1)
You see here a bolt.
b - 54 bolts (gained 1)
A scorpion comes into view.
The scorpion moves out of view.
You see here a long sword.
s - a long sword Firing (i - inventory. (,) - cycle):
b - 54 bolts (quivered)
Press: ? - help, Shift-Dir - straight line, f - scorpion
Aim: a scorpion You shoot a bolt.
The bolt closely misses the scorpion.
Casting: Sandblast
Confirm with . or Enter, or press ? or * to list all spells.
Aiming: Sandblast
Press: ? - help, Shift-Dir - straight line, f/p - scorpion
Aim: a scorpion The blast of sand hits the scorpion.
g - 25 stones Firing (i - inventory. (,) - cycle):
b - 53 bolts (quivered)
Press: ? - help, Shift-Dir - straight line, f/p - scorpion
Aim: a scorpion You shoot a bolt.
The bolt hits the scorpion!
The scorpion is heavily wounded.
The scorpion stings you!
You are poisoned.
The scorpion poisons you! The scorpion stings you.
You are more poisoned.
The scorpion poisons you!
Firing (i - inventory. (,) - cycle):
b - 52 bolts (quivered)
Press: ? - help, Shift-Dir - straight line, f/p - scorpion
Aim: a scorpion (heavily wounded)
You shoot a bolt. The bolt hits the scorpion.
The scorpion is severely wounded.
You feel very sick.
The scorpion stings you but does no damage.
Firing (i - inventory. (,) - cycle):
b - 51 bolts (quivered)
Press: ? - help, Shift-Dir - straight line, f/p - scorpion
Aim: a scorpion (severely wounded)
You shoot a bolt. The bolt hits the scorpion!
You kill the scorpion!
You have reached level 5!
You feel sick.
You feel sick.
You see here 3 bolts.
b - 53 bolts (gained 3)
You feel sick.
You feel sick.
You feel sick.
You see here a bolt.
b - 54 bolts (gained 1)
You feel sick.
A worker ant comes into view.
You feel sick.
The worker ant twitches its antennae in your direction.
Found 7 gold pieces.
A worker ant comes into view.
You feel sick.
The worker ant twitches its antennae in your direction.
Firing (i - inventory. (,) - cycle):
b - 54 bolts (quivered)
Press: ? - help, Shift-Dir - straight line, f - worker ant
Aim: a worker ant You shoot a bolt.
The bolt hits the worker ant.
The worker ant is lightly wounded.
You feel sick.
Firing (i - inventory. (,) - cycle):
b - 53 bolts (quivered)
Press: ? - help, Shift-Dir - straight line, f/p - worker ant
Aim: a worker ant (lightly wounded)
You shoot a bolt.
The bolt hits the worker ant but does no damage.
The worker ant is lightly wounded.
You feel sick.
Firing (i - inventory. (,) - cycle):
b - 52 bolts (quivered)
Press: ? - help, Shift-Dir - straight line, f/p - worker ant
Aim: a worker ant (lightly wounded)
You shoot a bolt. The bolt closely misses the worker ant.
You feel sick. The worker ant bites you.
* * * LOW HITPOINT WARNING * * *
You are more poisoned.
The worker ant poisons you!
The worker ant bites you but does no damage.
It was a potion of haste.
You feel yourself speed up.
You feel sick. You block the worker ant's attack. x2
You feel sick. The worker ant bites you.
* * * LOW HITPOINT WARNING * * *
You are more poisoned.
The worker ant poisons you!
It was a potion of magic.
Magic courses through your body.
* * * LOW HITPOINT WARNING * * *
You feel sick.
The worker ant bites you but does no damage.
The worker ant bites you.
* * * LOW HITPOINT WARNING * * *
Are you sure you want to abandon this character and quit the game? (Confirm with "yes".)

# #.#.....# .⌠. ... #
##....#..###...### ....
###...........#....##....
..............##.........
####................... #
#..........$...... .#
#..........##?..##### .#
#.............a.....#
...#...#).......@a.....#
#....#.#.........(......#
#...#........##.#......$
#.###......####.#(######
#. #...#.### #.#(# .
##....# #.#.# #.####
#.#.# ... #.#.# .##. #..


You could see 2 worker ants.

Vanquished Creatures
  A scorpion (D:4)
  2 worker ants
  A hound skeleton (D:4)
  An adder (D:4)
  An ooze (D:1)
  An adder skeleton (D:4)
  A worm (D:2)
  An orc (D:4)
  A bat (D:2)
  5 giant cockroaches
  4 goblins
  A hobgoblin (D:1)
  4 jackals (D:2)
  2 kobolds (D:1)
  A quokka (D:2)
  A ball python (D:4)
  A rat (D:1)
29 creatures vanquished.

Notes
Turn   | Place    | Note
-------+----------+-------------------------------------------
     0 | D:1      | tidbits the Gnoll Wanderer began the quest for the Orb.
     0 | D:1      | tidbits set off with: a +2 hand crossbow, 25 bolts, Sif Muna's Handbook of Earth, a +0 ring mail, a ration
     0 | D:1      | Reached XP level 1. HP: 23/23 MP: 4/4
     0 | D:1      | Identified Sif Muna's Handbook of Earth
     2 | D:1      | Learned a level 1 spell: Sandblast
    33 | D:1      | Reached XP level 2. HP: 29/29 MP: 5/5
    78 | D:2      | Found a blossoming altar of Fedhas.
   299 | D:2      | Found Gozag's Platinum Reserve.
   304 | D:2      | Found an opulent altar of Gozag.
   315 | D:2      | Reached XP level 3. HP: 35/35 MP: 7/7
   474 | D:3      | Reached skill level 1 in Short Blades
   474 | D:3      | Reached skill level 1 in Long Blades
   474 | D:3      | Reached skill level 1 in Axes
   474 | D:3      | Reached skill level 1 in Maces & Flails
   474 | D:3      | Reached skill level 1 in Polearms
   474 | D:3      | Reached skill level 1 in Staves
   474 | D:3      | Reached skill level 1 in Slings
   474 | D:3      | Reached skill level 1 in Bows
   474 | D:3      | Reached skill level 1 in Throwing
   474 | D:3      | Reached skill level 1 in Dodging
   474 | D:3      | Reached skill level 1 in Stealth
   474 | D:3      | Reached skill level 1 in Unarmed Combat
   474 | D:3      | Reached skill level 1 in Invocations
   474 | D:3      | Reached XP level 4. HP: 41/41 MP: 8/8
   510 | D:4      | Found a blossoming altar of Fedhas.
   515 | D:4      | Reached skill level 3 in Spellcasting
   519 | D:4      | Reached skill level 1 in Conjurations
   519 | D:4      | Reached skill level 1 in Hexes
   519 | D:4      | Reached skill level 1 in Charms
   519 | D:4      | Reached skill level 1 in Summonings
   519 | D:4      | Reached skill level 1 in Translocations
   519 | D:4      | Reached skill level 1 in Transmutations
   519 | D:4      | Reached skill level 1 in Fire Magic
   519 | D:4      | Reached skill level 1 in Ice Magic
   519 | D:4      | Reached skill level 1 in Air Magic
   519 | D:4      | Reached skill level 1 in Earth Magic
   519 | D:4      | Reached skill level 1 in Poison Magic
   602 | D:4      | Reached XP level 5. HP: 30/47 MP: 7/9
   616 | D:4      | Quit the game

Vault maps used:
D:1:      mainiacjoe_arrival_reflecting_pool, minmay_misc_feat_rows
D:2:      minmay_door_path, lemuel_round_altar, nicolae_gozag_zags_fifth_avenue
D:4:      minmay_temple_entry_junction, first_ration, fedhas_altar_3,
          uniq_duvessa

Skill      XL: |  1  2  3  4 |
---------------+-------------+-----
Short Blades   | 1 |  1.4
Long Blades    | 1 |  1.4
Axes           | 1 |  1.4
Maces & Flails | 1 |  1.4
Polearms       | 1 |  1.4
Staves         | 1 |  1.4
Slings         | 1 |  1.4
Bows           | 1 |  1.4
Throwing       | 1 |  1.4
Dodging        | 1 |  1.4
Stealth        | 1 |  1.4
Unarmed Combat | 1 |  1.4
Invocations    | 1 |  1.6
Spellcasting   | 3 |  3.1
Conjurations   | 1 |  1.1
Hexes          | 1 |  1.1
Charms         | 1 |  1.1
Summonings     | 1 |  1.1
Translocations | 1 |  1.1
Transmutations | 1 |  1.1
Fire Magic     | 1 |  1.1
Ice Magic      | 1 |  1.1
Air Magic      | 1 |  1.1
Earth Magic    | 1 |  1.1
Poison Magic   | 1 |  1.1
Fighting       | |  6.7
Crossbows      | |  2.9
Armour         | |  2.9
Shields        | |  2.9
Necromancy     | |  3.9
Evocations     | |  2.9

Action                   |  1- 3 |  4- 6 || total
-------------------------+-------+-------++-------
 Fire: Hand crossbow     |    37 |    25 ||    62
 Cast: Sandblast         |       |     2 ||     2
  Use: Scroll            |     3 |       ||     3
       Potion            |       |     2 ||     2
Armor: Ring mail         |     7 |     6 ||    13
Dodge: Dodged            |     9 |     8 ||    17
Block: Buckler           |     2 |     5 ||     7

Table legend:
 A = Spawn XP
 B = Non-spawn XP
 C = Spawn XP percentage of total XP
 D = Spawn monster count
 E = Non-spawn monster count
 F = Spawn count percentage of total count
 G = Total turns spent on level
                    A         B        C        D         E        F      G
               +---------+---------+-------+---------+---------+-------+---------
         Total |       0 |     228 |   0.0 |       0 |      29 |   0.0 |   616
               +---------+---------+-------+---------+---------+-------+---------
           D:1 |       0 |      23 |   0.0 |       0 |      10 |   0.0 |   229
           D:2 |       0 |      23 |   0.0 |       0 |      10 |   0.0 |   212
           D:3 |       0 |      36 |   0.0 |       0 |       1 |   0.0 |    49
           D:4 |       0 |     146 |   0.0 |       0 |       8 |   0.0 |   126
               +---------+---------+-------+---------+---------+-------+---------

Table legend:
 A = Turns spent in this place as a percentage of turns spent in the entire game.
 B = Non-inter-level travel turns spent in this place as a percentage of non-inter-level travel turns spent in the entire game.
 C = Inter-level travel turns spent in this place as a percentage of turns spent in this place.
 D = Turns resting spent in this place as a percentage of non-inter-level travel turns spent in this place.
 E = Turns spent auto-exploring this place as a percentage of non-inter-level travel turns spent in this place.
 F = Non-inter-level travel turns spent in this place divided by the number of levels of this place that you've seen.
                   A       B       C       D       E      F
               +-------+-------+-------+-------+-------+----------------------
         Total | 100.0 | 100.0 |   0.0 |   0.0 |   0.0 | 154.0
       Dungeon | 100.0 | 100.0 |   0.0 |   0.0 |   0.0 | 154.0
               +-------+-------+-------+-------+-------+----------------------

Table legend:
 A = Kills in this place as a percentage of kills in entire the game.
 B = Kills by you in this place as a percentage of kills by you in the entire game.
 C = Kills by friends in this place as a percentage of kills by friends in the entire game.
 D = Other kills in this place as a percentage of other kills in the entire game.
 E = Experience gained in this place as a percentage of experience gained in the entire game.
 F = Experience gained in this place divided by the number of levels of this place that you have seen.
                   A       B       C       D       E      F
               +-------+-------+-------+-------+-------+----------------------
         Total | 100.0 | 100.0 |   N/A |   N/A | 100.0 |  57.0
       Dungeon | 100.0 | 100.0 |   N/A |   N/A | 100.0 |  57.0
               +-------+-------+-------+-------+-------+----------------------

Vault maps used:
D:1:      mainiacjoe_arrival_reflecting_pool, minmay_misc_feat_rows
D:2:      minmay_door_path, lemuel_round_altar, nicolae_gozag_zags_fifth_avenue
D:4:      minmay_temple_entry_junction, first_ration, fedhas_altar_3,
          uniq_duvessa
